AoeStats
← DK_Odysseo

Arabia

508668807Analyzed
1v1 RM · 8d ago on Sep 23, 2026· 23m 56s· 2 players
Game mode
Random Map
Map size
Tiny (2 player)
Population
200
Speed
Normal
Resources
Standard
Victory
Conquest
Starting age
Dark Age
Ending age
Imperial Age
RankedLock teamsTeams togetherTeam positionsShared explorationLock speedFull tech treeHidden civsTurbo modeCheats
Victory
Defeat
🇩🇪 Dravidians · Germany
2010
+11
🇪🇸 Armenians · Spain
1905
-11
DK_Odysseo
6:09 Loom
8:51 Feudal Age
8:56 Man-at-Arms
9:31 Double-Bit Axe
14:50 Fletching
16:55 Padded Archer Armor
21:30 Castle Age
20:21 Scale Mail Armor
20:22 Long Swordsman
21:32 Two-Handed Swordsman
22:12 Squires
22:24 Gambesons
23:20 Bow Saw
23:54 Bodkin Arrow
Twitch_ActionMarc
6:35 Loom
8:53 Feudal Age
8:57 Man-at-Arms
10:54 Double-Bit Axe
12:46 Fletching
21:52 Castle Age
20:16 Gold Mining
20:14 Horse Collar
23:01 Bow Saw
Connection lost

Rejoining the realm…

Still unreachable

The connection could not be restored.

Session expired

The server has moved on; the page needs a fresh start.